 Dungeon Crawl Stone Soup version 0.30-b1-6-gad0e9d6a2d (webtiles) character file.

Game seed: 829102560592013665

4740 Mysteryquy the Cleaver (level 10, -8/90 HPs)
             Began as a Minotaur Fighter on May 5, 2023.
             Was a High Priest of Okawaru.
             Mangled by a two-headed ogre
             ... wielding a +0 giant spiked club
              (26 damage)
             ... on level 9 of the Dungeon.
             The game lasted 00:10:02 (7727 turns).

Mysteryquy the Cleaver (Minotaur Fighter)           Turns: 7727, Time: 00:10:03

Health: -8/90      AC: 15    Str: 26    XL:     10   Next: 22%
Magic:  9/9        EV: 11    Int:  5    God:    Okawaru [*****.]
Gold:   519        SH:  5    Dex:  9    Spells: 9/9 levels left

rFire   . . .        a - +1 war axe
rCold   . . .        c - +0 buckler
rNeg    . . .        b - +0 scale mail
rPois   .            (helmet restricted)
rElec   .            v - +0 cloak
rCorr   +            s - +0 pair of gloves
SInv    .            (no boots)
Will    .....        (no amulet) Stlth
                     E - +4 ring of protection
HPRegen 0.35/turn    i - ring of resist corrosion
MPRegen 0.11/turn

%: no passive effects
@: no status effects
A: horns 2, retaliatory headbutt
a: Renounce Religion, Heroism, Finesse, Duel


You were on level 9 of the Dungeon.
You worshipped Okawaru.
Okawaru was extremely pleased with you.
You visited 1 branch of the dungeon, and saw 9 of its levels.

You collected 519 gold pieces.

Inventory:

Hand Weapons
 a - a +1 war axe (weapon)
Armour
 b - a +0 scale mail (worn)
 c - a +0 buckler (worn)
 g - a +0 pair of gloves
 s - a +0 pair of gloves (worn)
 v - a +0 cloak (worn)
Jewellery
 i - a ring of resist corrosion (right hand)
 p - a ring of protection from fire
 y - a ring of protection from cold
 E - a +4 ring of protection (left hand)
 I - an amulet of magic regeneration
Wands
 f - a wand of mindburst (19)
 t - a wand of roots (13)
 F - a wand of flame (15)
Scrolls
 h - 10 scrolls of identify
 k - a scroll of enchant armour {unknown}
 n - 4 scrolls of teleportation {unknown}
 q - 2 scrolls of brand weapon {unknown}
 r - 2 scrolls of immolation {unknown}
 w - a scroll of poison {unknown}
 x - a scroll of vulnerability {unknown}
 C - a scroll of enchant weapon
 D - a scroll of fog
 G - a scroll of noise {unknown}
Potions
 d - 2 potions of might
 e - 3 potions of heal wounds {unknown}
 j - 3 potions of curing
 l - 3 potions of lignification {unknown}
 m - 4 potions of ambrosia {unknown}
 o - 2 potions of mutation {unknown}
 u - a potion of brilliance {unknown}
 z - a potion of invisibility {unknown}
 A - a potion of berserk rage {unknown}
 B - 2 potions of haste {unknown}
Miscellaneous
 H - a phial of floods


   Skills:
 + Level 8.7 Fighting
 + Level 11.3 Axes
 + Level 9.6 Armour
 + Level 4.3 Dodging
 + Level 1.8 Stealth
 + Level 6.4 Shields


You had 9 spell levels left.
You didn't know any spells.
Your spell library contained the following spells:

 Spells                   Type           Power      Damage    Failure   Level
 Freeze                   Ice            0%         1d3       77%         1
 Frozen Ramparts          Ice            0%         1d1       98%         3
 Hailstorm                Conj/Ice       0%         3d3       98%         3
 Ice Form                 Ice/Tmut       0%         N/A       100%        4
 Summon Ice Beast         Ice/Summ       Unusable   N/A       N/A         4

Dungeon Overview and Level Annotations

Branches:
Dungeon (9/15)             Temple (0/1) D:6
   Lair: D:8-11         Orc: D:9-12

Altars:
Fedhas
Gozag
Okawaru
The Shining One

Shops:
D:7 (   D:8 *

Annotations:
D:3 3 runed translucent doors, H0rd4k's ghost, amateur HuAr
D:4 3 runed translucent doors, dogaso222's ghost, amateur DsGl; hahaXD's ghost, weakling AtMo; justviktor's ghost, amateur MiFi; rlgrobin's ghost, amateur TeAE


Innate Abilities, Weirdness & Mutations

You have a pair of horns on your head.
You reflexively headbutt those who attack you in melee.


Message History

You slash the yak! You headbutt the yak, but do no damage.
The yak is almost dead.
The yak barely misses you.
You slash the yak!
You kill the yak!
Okawaru accepts your kill.
You slash the two-headed ogre!
The two-headed ogre is lightly wounded.
The two-headed ogre closely misses you. x2
You hit the two-headed ogre. You headbutt the two-headed ogre.
The two-headed ogre is moderately wounded.
You slash the two-headed ogre!
The two-headed ogre is heavily wounded.
The two-headed ogre hits you with a +0 giant spiked club!
The two-headed ogre hits you with a +0 giant spiked club!!
You hit the two-headed ogre.
The two-headed ogre is heavily wounded.
You hit the two-headed ogre but do no damage.
Your headbutt misses the two-headed ogre.
The two-headed ogre is heavily wounded.
You block the two-headed ogre's attack.
The two-headed ogre hits you with a +0 giant spiked club!
You slash the two-headed ogre!
The two-headed ogre is severely wounded.
The two-headed ogre hits you but does no damage.
The two-headed ogre hits you with a +0 giant spiked club.
You closely miss the two-headed ogre.
The two-headed ogre is severely wounded.
You hit the two-headed ogre.
The two-headed ogre is severely wounded.
The two-headed ogre hits you with a +0 giant spiked club!
* * * LOW HITPOINT WARNING * * *
The two-headed ogre hits you with a +0 giant spiked club!
* * * LOW HITPOINT WARNING * * *
You hit the two-headed ogre.
The two-headed ogre is almost dead.
You barely miss the two-headed ogre.
The two-headed ogre is almost dead.
The two-headed ogre hits you with a +0 giant spiked club!!
You die...

...............#
...............#
...............#####
....................
#...............#
#......(......##
######.###.....#
..#..# #.....#
#.#@## #.....#
#.#O####.....#
#.#.##.......# ##
#...##.####..#### ..
##.....# ##.)).##..
#...### #.##.#..#
#..........#
#.[....#
#....#####.#
#..#...## #..## ...
#..##....


You could see a two-headed ogre.

Vanquished Creatures
  3 hornets
  Sigmund (D:6)
  2 yaks (D:9)
  2 wyverns (D:9)
  Eustachio (D:6)
  2 steam dragons
  An acid dragon (D:9)
  A sky beast (D:8)
  A black bear (D:8)
  An orc warrior (D:8)
  3 ogres (D:5)
  2 phantoms
  4 centaurs
  5 bullfrogs
  2 kobold brigands (D:7)
  Blork the orc (D:6)
  2 gnoll sergeants
  3 wights (D:9)
  4 killer bees (D:9)
  2 howler monkeys
  2 orc priests
  3 hounds
  3 jellies
  2 gnoll boudas (D:4)
  3 iguanas
  A sleepcap (D:8)
  An orc wizard (D:7)
  18 gnolls
  9 adders
  A shadow imp (D:6)
  A white imp (D:7)
  A worm (D:5)
  5 dart slugs
  11 orcs
  9 endoplasms
  2 giant cockroaches
  6 goblins
  18 hobgoblins
  3 jackals (D:2)
  22 kobolds
  3 quokkas
  3 ball pythons
  7 bats
  2 frilled lizards
  2 rats (D:2)
181 creatures vanquished.

Vanquished Creatures (others)
  An orc wizard (D:9)
1 creature vanquished.

Grand Total: 182 creatures vanquished

Notes
Turn   | Place    | Note
-------+----------+-------------------------------------------
     0 | D:1      | Mysteryquy the Minotaur Fighter began the quest for the
                  | Orb.
     0 | D:1      | Reached XP level 1. HP: 19/19 MP: 0/0
    16 | D:1      | Reached XP level 2. HP: 22/27 MP: 1/1
   355 | D:1      | Reached XP level 3. HP: 33/33 MP: 2/2
   696 | D:2      | Found a blossoming altar of Fedhas.
   865 | D:2      | Found a faded altar of an unknown god.
   874 | D:2      | Prayed at the altar of an unknown god.
   874 | D:2      | Became a worshipper of Warmaster Okawaru
   874 | D:2      | Reached * piety under Okawaru
   931 | D:2      | Reached skill level 3 in Axes
   987 | D:2      | Reached XP level 4. HP: 36/40 MP: 3/3
  1642 | D:3      | Found a runed translucent gate.
  1643 | D:3      | Found a runed translucent gate.
  1643 | D:3      | Found a runed translucent gate.
  1645 | D:3      | Noticed H0rd4k's ghost (amateur HuAr)
  1681 | D:3      | Reached skill level 5 in Armour
  1731 | D:3      | Reached skill level 1 in Dodging
  2145 | D:3      | Reached XP level 5. HP: 47/47 MP: 4/4
  2318 | D:4      | Found a glowing golden altar of the Shining One.
  2467 | D:4      | Reached skill level 4 in Axes
  2520 | D:4      | Found an opulent altar of Gozag.
  2548 | D:4      | Found a runed translucent gate.
  2548 | D:4      | Found a runed translucent gate.
  2550 | D:4      | Found a runed translucent gate.
  2550 | D:4      | Noticed hahaXD's ghost (weakling AtMo)
  2550 | D:4      | Noticed rlgrobin's ghost (amateur TeAE)
  2551 | D:4      | Noticed justviktor's ghost (amateur MiFi)
  2551 | D:4      | Noticed dogaso222's ghost (amateur DsGl)
  2754 | D:4      | Reached skill level 5 in Fighting
  2940 | D:4      | Reached ** piety under Okawaru
  2941 | D:4      | Reached XP level 6. HP: 55/56 MP: 5/5
  3316 | D:5      | Entered Level 5 of the Dungeon
  3367 | D:5      | Reached skill level 5 in Axes
  3556 | D:5      | Reached XP level 7. HP: 62/62 MP: 6/6
  3737 | D:5      | Reached skill level 6 in Axes
  3900 | D:5      | Identified the +2 short sword "Daaguwao" {elec, Stlth+}
  3948 | D:5      | Reached *** piety under Okawaru
  4242 | D:5      | Noticed a hornet
  4245 | D:5      | Paralysed by a hornet for 2 turns
  4252 | D:5      | Killed a hornet
  4253 | D:5      | Reached XP level 8. HP: 24/71 MP: 7/7
  4257 | D:5      | Reached skill level 7 in Axes
  4672 | D:6      | Noticed Eustachio
  4674 | D:6      | Noticed Sigmund
  4910 | D:6      | Killed Eustachio
  4910 | D:6      | Reached **** piety under Okawaru
  4911 | D:6      | Reached skill level 5 in Shields
  4920 | D:6      | Killed Sigmund
  4921 | D:6      | Reached skill level 8 in Axes
  4921 | D:6      | Reached skill level 1 in Stealth
  5059 | D:6      | Noticed Blork the orc
  5065 | D:6      | Killed Blork the orc
  5081 | D:6      | Found a staircase to the Ecumenical Temple.
  5340 | D:7      | Found Koxel's Weapon Shoppe.
  5482 | D:7      | Reached XP level 9. HP: 72/79 MP: 8/8
  5494 | D:7      | Reached skill level 9 in Axes
  6275 | D:8      | Found Konn's Demolitions Depot.
  6350 | D:8      | Reached skill level 10 in Axes
  6556 | D:8      | Reached ***** piety under Okawaru
  7196 | D:9      | Reached XP level 10. HP: 22/90 MP: 9/9
  7421 | D:9      | Reached skill level 11 in Axes
  7704 | D:9      | Noticed a two-headed ogre
  7727 | D:9      | Mangled by a two-headed ogre

Illustrated notes

Levels and vault maps discovered:
D:1:      roderic_crossed_star, layout_loops_ring
D:2:      cheibrodos_greedy_goblins, layout_rooms, serial_curves,
          eino_curves_01, eino_curves_04, basic_ecumenical_altar, basic_altar
D:3:      layout_basic, ebering_ghost_rock_garden
D:4:      layout_basic, mainiacjoe_overflow_catch_the_wave,
          gammafunk_ghost_cemetery
D:5:      layout_basic, kennysheep_opposing_triangles
D:6:      layout_rooms, minmay_temple_entry_overgrown, uniq_sigmund,
          uniq_blork_the_orc, uniq_eustachio
D:7:      layout_basic, nicolae_stop_n_shop_2, kennysheep_generic_room_7
D:8:      layout_cave_pools, nicolae_blasting_shop
D:9:      layout_rooms, serial_shops, kennysheep_little_box,
          grunt_decor_resistance, minmay_quadrilaterals

Skill      XL: |  1  2  3  4  5  6  7  8  9 10 |
---------------+-------------------------------+-----
Armour         | 4 5 6 7 9 |  9.6
Fighting       | 4 5 6 7 8 |  8.7
Shields        | 4 5 6 |  6.4
Axes           | 3 4 5 6 8 10 11 | 11.3
Dodging        | 1 2 3 4 |  4.3
Stealth        | 1 |  1.8

Action                     |  1- 3 |  4- 6 |  7- 9 | 10-12 || total
---------------------------+-------+-------+-------+-------++-------
  Melee: War axe           |    66 |   123 |   245 |    46 ||   480
         Headbutt          |     8 |    14 |    40 |    11 ||    73
    Use: Scroll            |       |     3 |     1 |       ||     4
         Potion            |       |       |     4 |       ||     4
 Armour: Scale mail        |    34 |    57 |   140 |    23 ||   254
  Dodge: Dodged            |    25 |    67 |   146 |    22 ||   260
  Block: Buckler           |    15 |    36 |    55 |     7 ||   113
